AoeStats
← Nev

QS Arena

503258802Analyzed
4v4 RM · 10d ago on Aug 30, 2026· 26m 5s· 8 players
Game mode
Random Map
Map size
Large (8 player)
Population
200
Speed
Normal
Resources
Standard
Victory
Conquest
Starting age
Dark Age
Ending age
Imperial Age
RankedLock teamsTeams togetherTeam positionsShared explorationLock speedFull tech treeHidden civsTurbo modeCheats
Victory
Defeat
🇦🇷 Mongols · Argentina
922
+15
🇦🇷 Cumans · Argentina
860
+17
🇦🇷 Bohemians · Argentina
852
+18
🇦🇷 Spanish · Argentina
828
+19
🇲🇽 Spanish · Mexico
900
-18
🇺🇸 Slavs · United States
898
-18
🇹🇷 Khmer · Türkiye
896
-17
🇲🇽 Franks · Mexico
875
-16
Campos1372
5:52 Loom
9:02 Feudal Age
10:15 Double-Bit Axe
15:51 Castle Age
14:23 Stone Mining
16:43 Wheelbarrow
20:35 Light Cavalry
Nev
5:57 Loom
8:08 Feudal Age
8:49 Double-Bit Axe
8:57 Horse Collar
12:26 Wheelbarrow
15:07 Castle Age
13:55 Stone Mining
13:56 Gold Mining
16:04 Town Watch
16:16 Town Watch
18:17 Bow Saw
18:31 Heavy Plow
21:21 Town Watch
24:44 Town Patrol
26:04 Ballistics
25:54 Masonry
jstep
1:17 Loom
9:46 Feudal Age
11:03 Wheelbarrow
10:16 Double-Bit Axe
10:13 Horse Collar
16:09 Castle Age
14:50 Stone Mining
14:53 Gold Mining
17:10 Bow Saw
17:31 Hand Cart
17:40 Forging
17:32 Scale Mail Armor
17:26 Fletching
17:45 Scale Barding Armor
17:56 Bow Saw
20:06 Heavy Plow
Garp
7:54 Feudal Age
8:26 Double-Bit Axe
8:24 Horse Collar
15:24 Castle Age
16:36 Stone Mining
17:42 Bow Saw
18:38 Stone Shaft Mining
18:56 Heavy Plow
21:05 Gold Mining
24:20 Wheelbarrow
26:40 Imperial Age
eu bata6625
2:50 Loom
8:53 Feudal Age
9:35 Double-Bit Axe
9:32 Horse Collar
16:36 Castle Age
16:04 Loom
20:40 Bow Saw
bebbeeee
0:42 Loom
7:20 Feudal Age
13:44 Castle Age
13:33 Horse Collar
24:30 Wheelbarrow
SOKOTREKE
7:51 Feudal Age
8:22 Horse Collar
8:29 Double-Bit Axe
12:15 Wheelbarrow
14:27 Loom
17:48 Castle Age
17:33 Bloodlines
22:41 Gold Mining
28:40 Imperial Age
CondorAlbino
2:39 Loom
8:51 Feudal Age
9:19 Double-Bit Axe
13:03 Wheelbarrow
18:51 Castle Age
16:33 Horse Collar
19:55 Bow Saw
20:46 Fletching
21:06 Forging
Connection lost

Rejoining the realm…

Still unreachable

The connection could not be restored.

Session expired

The server has moved on; the page needs a fresh start.